 Dungeon Crawl Stone Soup version 0.29.0-11-gd7f09526c8 (webtiles) character file.

Game seed: 16261502675715901903

326 pacmanke6689 the Conjurer (level 6, -4/44 HPs)
             Began as a Human Conjurer on Sept 2, 2022.
             Slain by Edmund
             ... wielding a +2 flail of protection
              (6 damage)
             ... on level 4 of the Dungeon.
             The game lasted 00:13:32 (3790 turns).

pacmanke6689 the Conjurer (Human Conjurer)          Turns: 3790, Time: 00:13:33

Health: -4/44      AC: -1    Str:  7    XL:     6   Next: 78%
Magic:  7/10       EV: 12    Int: 21    God:
Gold:   91         SH:  0    Dex: 13    Spells: 5/11 levels left

rFire   . . .      SeeInvis .   d - +3 spear (venom)
rCold   . . .      Faith    .   (no shield)
rNeg    . . .      Spirit   .   a - +0 robe
rPois   .          Reflect  .   j - +1 hat "Ugecoeb" {Dex+2}
rElec   .          Harm     .   (no cloak)
rCorr   .          Rampage  .   (no gloves)
Will    .....                   (no boots)
Stlth   ++........              (no amulet)
HPRegen 0.14/turn               (no ring)
MPRegen 0.12/turn               (no ring)

@: corroded
A: no striking features
a: no special abilities


You were on level 4 of the Dungeon.
You visited 1 branch of the dungeon, and saw 4 of its levels.

You collected 111 gold pieces.
You spent 20 gold pieces at shops.

Inventory:

Hand Weapons
 c - a +0 dagger
 d - a +3 spear of venom (weapon)
Armour
 a - a +0 robe (worn)
 g - a +0 hat
 j - the +1 hat "Ugecoeb" (worn) {Dex+2}
   (You acquired it on level 2 of the Dungeon)

   Dex:       It affects your dexterity (+2).
Jewellery
 e - a ring of resist corrosion
Scrolls
 f - a scroll of amnesia
 h - a scroll of identify
 i - a scroll of vulnerability
 k - a scroll of silence
 n - a scroll of noise
 o - a scroll of torment {unknown}
Potions
 l - 2 potions of degeneration


   Skills:
 - Level 1.9 Fighting
 + Level 2.5 Polearms
 + Level 2.8 Dodging
 + Level 2.0 Stealth
 + Level 3.2 Spellcasting
 + Level 5.4 Conjurations
 * Level 0.9 Hexes


You had 5 spell levels left.
You knew the following spells:

 Your Spells              Type           Power      Damage    Failure   Level
a - Magic Dart            Conj           100%       1d8       1%          1
b - Searing Ray           Conj           52%        2d6       1%          2
c - Dazzling Flash        Conj/Hex       32%        N/A       11%         3

Your spell library contained the following spells:

 Spells                   Type           Power      Damage    Failure   Level
 Fulminant Prism          Conj/Hex       8%         3d7       34%         4
 Iskenderun's Mystic Bla  Conj/Tloc      14%        2d5       38%         4
 Summon Forest            Summ/Tloc      1%         N/A       98%         5
 Eringya's Noxious Bog    Tmut/Pois      1%         N/A       100%        6
 Summon Hydra             Summ           1%         N/A       100%        7


Dungeon Overview and Level Annotations

Branches:
Dungeon (4/15)
 Temple: D:4-7

Altars:
Dithmenos
Ru

Shops:
D:1 *

Annotations:
D:4 Dowan, Duvessa, Edmund


Message History

There is a stone staircase leading up here.
Casting: Searing Ray (safe; 1% risk of failure)
Confirm with . or Enter, or press ? or * to list all spells.
Aiming: Searing Ray (safe; 1% risk of failure)
Press: ? - help, Shift-Dir - straight line, f - Edmund
Aim: Edmund, wielding a +2 flail of protection and wearing a +0 ring mail (asleep, 100% to hit)
The searing ray hits Edmund but does no damage.
Edmund shouts! (Press . to maintain the ray.)
The hobgoblin zaps a wand.
The bolt of acid hits you!
Casting: Searing Ray (safe; 1% risk of failure)
Confirm with . or Enter, or press ? or * to list all spells.
Restarting spell: Searing Ray (safe; 1% risk of failure)
Press: ? - help, Shift-Dir - straight line, f/p - Edmund
Aim: Edmund, wielding a +2 flail of protection and wearing a +0 ring mail (82% to hit)
The searing ray hits Edmund.
Edmund is lightly wounded. (Press . to maintain the ray.)
The hobgoblin zaps a wand.
The bolt of acid hits you! The acid corrodes you!
Casting: Searing Ray (safe; 1% risk of failure)
Confirm with . or Enter, or press ? or * to list all spells.
Restarting spell: Searing Ray (safe; 1% risk of failure)
Press: ? - help, Shift-Dir - straight line, f/p - Edmund
Aim: Edmund, wielding a +2 flail of protection and wearing a +0 ring mail (lightly wounded, 82% to hit)
The searing ray hits Edmund.
Edmund is lightly wounded. (Press . to maintain the ray.)
You hit Edmund but do no damage.
Edmund is poisoned.
Edmund is lightly wounded.
Edmund hits you with a +2 flail of protection!
* * * LOW HITPOINT WARNING * * *
Magic courses through your body.
Edmund hits you with a +2 flail of protection.
* * * LOW HITPOINT WARNING * * *
Casting: Searing Ray (safe; 1% risk of failure)
Confirm with . or Enter, or press ? or * to list all spells.
Casting: Dazzling Flash (dangerous; 11% risk of failure)
Press: ? - help, Dir - look around, f - activate Edmund hits you with a +2 flail of protection.
You die...

....r...g....#
#######.###..#
#...#..#
###.#..#
#.#..# #.#..#
#.#.## #@#†#
#@#.# #.#.#
#######g#<#
..........#
#..####.#.#
#.#.# ..#.#
g....# .######


You could see Edmund (poisoned) and a hobgoblin.

Vanquished Creatures
  Sigmund (D:3)
  A bullfrog (D:4)
  6 adders (D:2)
  A worm (D:2)
  3 bats
  10 endoplasms
  A giant cockroach (D:1)
  2 goblins
  9 hobgoblins
  2 jackals (D:1)
  5 kobolds
  A quokka (D:1)
  3 ball pythons
  6 frilled lizards
  3 rats (D:2)
54 creatures vanquished.

Notes
Turn   | Place    | Note
-------+----------+-------------------------------------------
     0 | D:1      | pacmanke6689 the Human Conjurer began the quest for the
                  | Orb.
     0 | D:1      | Reached XP level 1. HP: 13/13 MP: 3/3
   205 | D:1      | Reached XP level 2. HP: 19/19 MP: 0/5
   490 | D:1      | Learned a level 2 spell: Searing Ray
   978 | D:1      | Reached XP level 3. HP: 24/24 MP: 1/6
  1264 | D:1      | Found Nupiesigh's General Store.
  1280 | D:1      | Bought a scroll of identify for 20 gold pieces
  1676 | D:2      | Reached XP level 4. HP: 29/30 MP: 5/7
  1726 | D:2      | Identified the +0 pair of gloves "Loepeph" {rC- rN+ Int+6}
  2054 | D:2      | Learned a level 3 spell: Dazzling Flash
  2187 | D:2      | Identified a scroll of acquirement
  2188 | D:2      | Acquired the +1 hat "Ugecoeb" {Dex+2}
  2218 | D:2      | Reached skill level 5 in Conjurations
  2354 | D:2      | Reached skill level 1 in Fighting
  2692 | D:2      | Reached XP level 5. HP: 37/37 MP: 1/9
  2915 | D:3      | Noticed Sigmund
  2944 | D:3      | HP: 1/37 [something (5)]
  2946 | D:3      | Killed Sigmund
  2947 | D:3      | Reached XP level 6. HP: 2/44 MP: 10/10
  3369 | D:4      | Found a sacrificial altar of Ru.
  3378 | D:4      | Found a shadowy altar of Dithmenos.
  3474 | D:4      | Noticed Duvessa
  3474 | D:4      | Noticed Dowan
  3759 | D:4      | Noticed Edmund
  3777 | D:4      | Identified the +3 leather armour of Watchfulness {Rampage
                  | rN++ MP+9 Str-5}
  3789 | D:4      | HP: 2/44 [Edmund/+2 flail of protection (6)]
  3790 | D:4      | Slain by Edmund

Illustrated notes

Levels and vault maps discovered:
D:1:      psy_arrival_statuary, layout_loops_corners, serial_shops,
          nicolae_shop_hallway_plus
D:2:      layout_loops_ring, st_stairs_13
D:3:      layout_basic, general_overflow_altar, minitemple,
          hellmonk_ecumenical_altar_watching_god, ebering_ghost_reflecting_pool,
          minmay_ogre_servants, uniq_sigmund
D:4:      layout_loops_ring, amethyst_overflow_temple_binary, serial_shops,
          nicolae_diamond_shop, st_stairs_5, minmay_misc_feat_roman,
          minmay_misc_feat_x, kennysheep_generic_room_7, uniq_eustachio,
          uniq_edmund, uniq_duvessa

Skill      XL: |  1  2  3  4  5 |
---------------+----------------+-----
Conjurations   | 5 |  5.4
Fighting       | 1 |  1.9
Polearms       | 2 |  2.5
Spellcasting   | 3 |  3.2
Dodging        | |  2.8
Stealth        | |  2.0
Hexes          | |  0.9

Action                   |  1- 3 |  4- 6 || total
-------------------------+-------+-------++-------
Melee: Unarmed           |    11 |       ||    11
       Spear             |    29 |    63 ||    92
       Punch             |     2 |       ||     2
 Cast: Magic Dart        |    34 |     9 ||    43
       Searing Ray       |     1 |     7 ||     8
       Dazzling Flash    |       |     5 ||     5
  Use: Scroll            |     4 |     8 ||    12
       Potion            |       |     3 ||     3
 Stab: Sleeping          |     1 |     4 ||     5
       Invisible         |       |     1 ||     1
Armor: Robe              |    10 |    10 ||    20
Dodge: Dodged            |    28 |    45 ||    73
